AoeStats
← ABK

Hideout

509155495Analyzed
1v1 RM · 7d ago on Sep 25, 2026· 37m 24s· 2 players
Game mode
Random Map
Map size
Tiny (2 player)
Population
200
Speed
Normal
Resources
Standard
Victory
Conquest
Starting age
Dark Age
Ending age
Imperial Age
RankedLock teamsTeams togetherTeam positionsShared explorationLock speedFull tech treeHidden civsTurbo modeCheats
Victory
Defeat
🇧🇷 Slavs · Brazil
752
+17
🇪🇸 Ethiopians · Spain
779
-27
ABK
11:06 Feudal Age
9:40 Loom
11:59 Double-Bit Axe
11:56 Horse Collar
17:29 Wheelbarrow
21:12 Castle Age
19:32 Padded Archer Armor
19:28 Town Watch
20:39 Fletching
20:48 Man-at-Arms
21:31 Scale Mail Armor
21:45 Forging
22:37 Bow Saw
22:31 Heavy Plow
22:24 Gold Mining
21:59 Elite Skirmisher
22:56 Squires
24:36 Town Patrol
24:24 Long Swordsman
26:02 Chain Mail Armor
27:44 Iron Casting
29:52 Stone Mining
30:38 Gold Shaft Mining
ander.bioesc
1:55 Loom
11:07 Feudal Age
12:59 Double-Bit Axe
14:07 Horse Collar
18:49 Castle Age
18:21 Gold Mining
20:20 Bow Saw
20:06 Fletching
22:37 Town Watch
26:25 Forging
28:01 Stone Mining
29:45 Wheelbarrow
30:25 Heavy Plow
34:19 Iron Casting
34:14 Squires
34:19 Elite Skirmisher
39:48 Imperial Age
Connection lost

Rejoining the realm…

Still unreachable

The connection could not be restored.

Session expired

The server has moved on; the page needs a fresh start.